 Dungeon Crawl Stone Soup version 0.22-a0-553-g9358b0b (console) character file.

46 bli the Covered (level 3, -1/27 HPs)
             Began as a Demonspawn Wanderer on June 25, 2018.
             Succumbed to an adder's poison
             ... on level 2 of the Dungeon.
             The game lasted 00:05:02 (1182 turns).

bli the Covered (Demonspawn Wanderer)               Turns: 1182, Time: 00:05:03

Health: -1/27      AC:  9    Str: 12    XL:     3   Next: 44%
Magic:  4/4        EV:  8    Int: 16    God:
Gold:   69         SH:  0    Dex: 12    Spells: 4/4 levels left

rFire    . . .     SeeInvis .   d - +0 club
rCold    . . .     Gourm    .   (no shield)
rNeg     . . .     Faith    .   a - +2 scale mail
rPois    .         Spirit   .   (no helmet)
rElec    .         Reflect  .   (no cloak)
rCorr    .         Harm     .   (no gloves)
MR       .....                  (no boots)
Stlth    ..........             (no amulet)
HPRegen  0.09/turn              k - +2 ring of intelligence
MPRegen  0.09/turn              (no ring)

@: lethally poisoned (-1 -> -14)
A: claws 1, talons 1
a: no special abilities


You were on level 2 of the Dungeon.
You were not hungry.

You visited 1 branch of the dungeon, and saw 2 of its levels.

You collected 69 gold pieces.

Inventory:

Hand Weapons
 d - a +0 club (weapon)
 g - a +0 spear
Armour
 a - a +2 scale mail (worn)
 n - a +0 ring mail
Jewellery
 k - a +2 ring of intelligence (left claw)
Wands
 j - a wand of paralysis (17)
Scrolls
 c - 2 scrolls of teleportation
 h - a scroll of remove curse {unknown}
 i - a scroll of enchant armour {unknown}
 m - a scroll of identify {unknown}
Comestibles
 f - 4 rations
 l - 5 chunks of flesh


   Skills:
 + Level 2.1 Fighting
 + Level 3.9 Armour
 + Level 0.3 Dodging
 + Level 1.0 Stealth
 * Level 0.2 Unarmed Combat
 + Level 1.0 Spellcasting
   Level 2.0 Conjurations
 + Level 1.0 Evocations


You had 4 spell levels left.
You didn't know any spells.
Your spell library was empty.

Dungeon Overview and Level Annotations

Branches:
Dungeon (2/15)

Altars:


Innate Abilities, Weirdness & Mutations

You have sharp fingernails.
You have sharp toenails.


Message History

The adder poisons you! The adder bites you but does no damage.
You closely miss the adder. Your kick misses the adder.
The adder is moderately wounded.
* * * LOW HITPOINT WARNING * * *
You feel sick. The adder barely misses you. The adder bites you.
* * * LOW HITPOINT WARNING * * *
You barely miss the adder. You claw the adder, but do no damage.
The adder is moderately wounded.
* * * LOW HITPOINT WARNING * * *
You feel sick. The adder bites you but does no damage.
Evoke which item? (* to show all) (? for menu, Esc to quit)
Aiming: Paralyse
Press: ? - help, Shift-Dir - straight line, f - adder
Aim: an adder (moderately wounded, chance to defeat MR: 57%)
The adder resists with significant effort.
* * * LOW HITPOINT WARNING * * *
You feel sick. The adder closely misses you.
The adder bites you but does no damage.
You hit the adder. You claw the adder, but do no damage.
The adder is moderately wounded.
You die...

.......#...#..............#.#
#....P.......>.....#..#.....#
P#P..P##.........####.....##
.........#.#....## #...#..# #.
###...####.#....# ##...# ....
...######......# ##....# #..#
.............#..####..#..##..#
.# #####...........[.##.......
.# #......###......#....## .#
##.#....###†###.).....#
.#####..#......S@###.##....###
.)............#####............
.###..###.....# #..........##
.....## #.....# #.......?..#
..<..# #......# ########...$.
..#### ####... <.... ..########
. .... .......... ....
##########


You could see an adder.

Vanquished Creatures
  A gnoll (D:1)
  An adder (D:2)
  8 goblins
  4 hobgoblins
  4 kobolds (D:1)
  4 frilled lizards
  4 rats
26 creatures vanquished.

Notes
Turn   | Place    | Note
-------+----------+-------------------------------------------
     0 | D:1      | bli the Demonspawn Wanderer began the quest for the Orb.
     0 | D:1      | bli set off with: a +2 scale mail, a potion of lignification, a scroll of teleportation, a +0 club, a ration
     0 | D:1      | Reached XP level 1. HP: 16/16 MP: 2/2
   100 | D:1      | Reached skill level 3 in Armour
   125 | D:1      | HP: 1/24 [goblin/club (1)]
   131 | D:1      | Gained mutation: You have sharp toenails. [demonic ancestry]
   131 | D:1      | Reached XP level 2. HP: 2/22 MP: 3/3
   138 | D:1      | HP: 1/33 [kobold (2)]
   918 | D:1      | Gained mutation: You have sharp fingernails. [demonic ancestry]
   918 | D:1      | Reached XP level 3. HP: 25/27 MP: 4/4
  1181 | D:2      | HP: 1/27 [poisoned by an adder]
  1182 | D:2      | Succumbed to an adder's poison

Vault maps used:
D:1:      shiori_arrival_maze
D:2:      cheibrodos_old_hovel, nicolae_overflow_hidden_temple,
          minmay_pentomino_v2

Skill      XL: |  1 |
---------------+----+-----
Armour         | 3 |  3.9
Fighting       | |  2.1
Dodging        | |  0.3
Stealth        | |  1.0
Unarmed Combat | |  0.2
Spellcasting   | |  1.0
Conjurations   | |  2.0
Evocations     | |  1.0

Action                   || total
-------------------------++-------
Melee: Club              ||   156
       Kick              ||    17
Evoke: Wand              ||     1
  Use: Potion            ||     4
  Eat: Chunk             ||     1
Armor: Scale mail        ||    93
       Skin              ||    17
Dodge: Dodged            ||    89

Table legend:
 A = Spawn XP
 B = Non-spawn XP
 C = Spawn XP percentage of total XP
 D = Spawn monster count
 E = Non-spawn monster count
 F = Spawn count percentage of total count
 G = Total turns spent on level
                    A         B        C        D         E        F      G
               +---------+---------+-------+---------+---------+-------+---------
         Total |       0 |      66 |   0.0 |       0 |      26 |   0.0 |  1182
               +---------+---------+-------+---------+---------+-------+---------
           D:1 |       0 |      42 |   0.0 |       0 |      18 |   0.0 |   994
           D:2 |       0 |      24 |   0.0 |       0 |       8 |   0.0 |   188
               +---------+---------+-------+---------+---------+-------+---------
